 Dungeon Crawl Stone Soup version 0.16.2-12-gd0ad4c3 (webtiles) character file.

3905 faibistes the Thaumaturge (level 10, 0/53 HPs)
             Began as a Deep Elf Wizard on Feb 18, 2019.
             Was a Priest of Sif Muna.
             Succumbed to a killer bee's poison
             ... on level 7 of the Dungeon.
             The game lasted 00:30:16 (10700 turns).

faibistes the Thaumaturge (Deep Elf Wizard)        Turns: 10700, Time: 00:30:16

Health: 0/53       AC:  5    Str:  4    XL:     10   Next: 0%
Magic:  13/31      EV: 15    Int: 27    God:    Sif Muna [***...]
Gold:   346        SH:  0    Dex: 13    Spells: 6 memorised, 16 levels left

rFire  . . .     SeeInvis .     w - +2 dagger (venom)
rCold  . . .     Clarity  .     E - +2 robe {MR+}
rNeg   . . .     SustAb   .     (no shield)
rPois  .         Gourm    .     b - +0 hat
rElec  .         Spirit   .     (no cloak)
rCorr  .         Warding  .     A - +0 pair of gloves
rMut   .         Stasis   .     (no boots)
MR     +++..                    F - amulet of inaccuracy (curse)
Stlth  +++.......               I - ring of stealth
                                s - ring of protection from magic

@: lethally poisoned (0 -> -2), repel missiles, extremely resistant to hostile
enchantments, fairly stealthy
A: no striking features
a: Channel Energy, Forget Spell, Renounce Religion


You were on level 7 of the Dungeon.
You worshipped Sif Muna.
Sif Muna was most pleased with you.
You were not hungry.

You visited 2 branches of the dungeon, and saw 9 of its levels.

You collected 346 gold pieces.

Inventory:

Hand weapons
 t - a cursed +1 dagger of speed
 w - a +2 dagger of venom (weapon)
 J - a +0 dagger of venom
 W - a +1 trident of venom
Armour
 b - a +0 hat (worn)
 A - a +0 pair of gloves (worn)
 E - a +2 robe of magic resistance (worn)
Jewellery
 a - an uncursed ring of sustain abilities
 s - a ring of protection from magic (left hand)
 B - an uncursed ring of protection from magic
 F - a cursed amulet of inaccuracy (around neck)
 I - a ring of stealth (right hand)
Magical devices
 z - a wand of digging (7)
Scrolls
 e - 3 scrolls of remove curse
 g - a scroll of magic mapping {unknown}
 h - 3 scrolls of recharging {unknown}
 j - a scroll of immolation {unknown}
 k - 2 scrolls of amnesia {unknown}
 n - a scroll of random uselessness {unknown}
 q - 2 scrolls of blinking {unknown}
 x - a scroll of teleportation {unknown}
 y - a scroll of enchant weapon {unknown}
 D - 4 scrolls of enchant armour {unknown}
 H - a scroll of fear {unknown}
 M - a scroll of fog {unknown}
Potions
 f - a potion of heal wounds
 i - 2 potions of curing
 l - a potion of cancellation
 p - 3 potions of lignification
 v - a potion of invisibility
 C - 3 potions of brilliance
 G - a potion of agility
 K - a potion of ambrosia {unknown}
 N - a potion of poison {unknown}
 O - a potion of might {unknown}
 P - a potion of beneficial mutation {unknown}
Books
 c - a book of Minor Magic

   Spells                             Type                      Level
   a - Magic Dart                     Conjuration                  1
   b - Blink                          Translocation                2
   c - Call Imp                       Summoning                    2
   d - Repel Missiles                 Charms/Air                   2
   e - Slow                           Hexes                        2
   f - Conjure Flame                  Conjuration/Fire             3
   g - Mephitic Cloud                 Conjuration/Poison/Air       3
Comestibles
 d - 6 bread rations
 m - 2 royal jellies
 o - a beef jerky
 r - 2 meat rations
 u - 3 slices of pizza
 L - 9 chunks of flesh


   Skills:
 + Level 2.1 Fighting
 + Level 6.3 Dodging
 - Level 2.4 Stealth
 * Level 10.3 Spellcasting
 + Level 6.9 Conjurations
 + Level 2.8 Charms
 - Level 1.1 Summonings
 + Level 3.5 Translocations
 * Level 5.2 Fire Magic
 - Level 3.8 Air Magic
 - Level 3.1 Poison Magic
 * Level 3.4 Invocations
 + Level 2.5 Evocations


You had 16 spell levels left.
You knew the following spells:

 Your Spells              Type           Power        Failure   Level  Hunger
a - Magic Dart            Conj           ####         1%          1    None
b - Conjure Flame         Conj/Fire      #####...     1%          3    None
c - Call Imp              Summ           ###.....     4%          2    None
d - Blink                 Tloc           N/A          1%          2    None
e - Mephitic Cloud        Conj/Pois/Air  #####...     1%          3    None
f - Repel Missiles        Chrm/Air       ####..       1%          2    None


Dungeon Overview and Level Annotations

Branches:
Dungeon (8/15)             Temple (1/1) D:4
   Lair: D:8-11

Altars:
Ashenzari
Cheibriados
Dithmenos
Elyvilon
Fedhas
Gozag
Kikubaaqudgha
Makhleb
Nemelex Xobeh
Okawaru
Qazlal
Ru
Sif Muna
Trog
Vehumet
Xom
Yredelemnul
Zin
The Shining One


Message History

Confirm with . or Enter, or press ? or * to list all spells.
Aiming: Magic Dart
Press: ? - help, Shift-Dir - straight line, f - killer bee zombie
Aim: a killer bee zombie (flame)
The magic dart hits the killer bee zombie.
The killer bee zombie is engulfed in roaring flames.
The killer bee zombie closely misses you.
The killer bee zombie is engulfed in roaring flames.
The killer bee zombie hits you.
* * * LOW HITPOINT WARNING * * *
Casting: Magic Dart
Confirm with . or Enter, or press ? or * to list all spells.
Aiming: Conjure Flame
Press: ? - help, Dir - move target cursor, p - killer bee zombie The fire roars!
* * * LOW HITPOINT WARNING * * *
You feel sick.
The killer bee zombie is engulfed in roaring flames.
You destroy the killer bee zombie!
You die...

########.#..Z.>[..#
#....5......#.#####
#.######.#.##.# # #.#
#......##### #Z#
########...# #ยง##
####### #.### #..#
#.....# #.#.# ##.#
#.....# #.#.. #@#
#.....# #.#.. #.#
#.....# ##.##. #.#
#.....# #..... ####.#
###)#####.###. #..<.#
#)..()..# #)
#.#############..###.
#.# #...............
#.# #.########.##.##
#.####.# #.........##


You could see an orc skeleton.

Vanquished Creatures
  Grinder (D:4)
  Menkaure (D:4)
  An orc warrior (D:7)
  A water moccasin (D:8)
  A sky beast (D:5)
  4 phantoms
  3 necrophages
  2 ice beasts (D:7)
  4 ogres
  4 centaurs
  Blork the orc (D:4)
  A giant frog (D:7)
  3 scorpions
  4 killer bees
  2 crimson imps (D:7)
  3 hounds (D:4)
  The ghost of faibistes the Magician, a weakling DEWz (D:3)
  A goliath beetle (D:6)
  6 orc priests
  A centaur skeleton (D:7)
  A giant frog skeleton (D:4)
  4 iguanas
  9 orc wizards
  A killer bee zombie (D:7)
  8 worker ants
  A hound skeleton (D:4)
  A hound zombie (D:6)
  4 gnolls (D:4)
  3 worker ant zombies
  12 adders
  3 shadow imps
  A white imp (D:3)
  3 giant mites
  A worm (D:3)
  2 adder skeletons (D:4)
  4 giant geckos
  2 oozes
  30 orcs
  6 ball pythons
  9 bats
  A bat zombie (D:7)
  3 giant cockroaches
  10 goblins
  10 hobgoblins
  2 quokkas
  A giant gecko skeleton (D:4)
  4 giant newts
  A goblin zombie (D:5)
  A jackal skeleton (D:5)
  12 kobolds
  A quokka zombie (D:7)
  8 rats
204 creatures vanquished.

Vanquished Creatures (collateral kills)
  An orc (D:6)
  A bat (D:1)
  A goblin (D:1)
  6 jackals
9 creatures vanquished.

Grand Total: 213 creatures vanquished

Notes
Turn   | Place    | Note
--------------------------------------------------------------
     0 | D:1      | faibistes, the Deep Elf Wizard, began the quest for the Orb.
     0 | D:1      | Reached XP level 1. HP: 10/10 MP: 6/6
   560 | D:1      | Reached XP level 2. HP: 15/15 MP: 6/9
   564 | D:1      | Learned a level 2 spell: Blink
   567 | D:1      | Learned a level 2 spell: Call Imp
   908 | D:2      | Found a glowing golden altar of the Shining One.
   968 | D:2      | Reached skill level 5 in Spellcasting
   968 | D:2      | Reached XP level 3. HP: 19/19 MP: 7/14
   977 | D:2      | Learned a level 3 spell: Conjure Flame
   981 | D:2      | Learned a level 3 spell: Mephitic Cloud
  2290 | D:2      | Reached XP level 4. HP: 24/24 MP: 13/17
  2300 | D:2      | Learned a level 2 spell: Repel Missiles
  2432 | D:3      | Noticed faibistes' ghost (weakling DEWz)
  2464 | D:3      | Killed faibistes' ghost
  2622 | D:5      | Entered Level 5 of the Dungeon
  2702 | D:3      | Found a stormy altar of Qazlal.
  2761 | D:4      | Reached XP level 5. HP: 23/28 MP: 11/20
  3105 | D:3      | Reached skill level 6 in Spellcasting
  3332 | D:4      | Noticed Menkaure
  3341 | D:4      | Killed Menkaure
  3341 | D:4      | Reached XP level 6. HP: 17/32 MP: 12/22
  3701 | D:4      | Found a staircase to the Ecumenical Temple.
  3724 | Temple   | Entered the Ecumenical Temple
  3791 | Temple   | Became a worshipper of Sif Muna the Loreminder
  3924 | D:4      | Noticed a necrophage
  3935 | D:4      | Killed a necrophage
  4010 | D:4      | Noticed Grinder
  4066 | D:4      | Killed Grinder
  4066 | D:4      | Reached skill level 7 in Spellcasting
  4066 | D:4      | Reached skill level 1 in Fire Magic
  4066 | D:4      | Reached skill level 1 in Air Magic
  4066 | D:4      | Reached skill level 1 in Poison Magic
  4066 | D:4      | Reached XP level 7. HP: 34/37 MP: 0/25
  4222 | D:4      | Noticed Blork the orc
  4224 | D:4      | Acquired Sif Muna's first power
  4311 | D:4      | Killed Blork the orc
  4777 | D:4      | Noticed an ogre
  4790 | D:4      | Killed an ogre
  4790 | D:4      | Reached skill level 5 in Conjurations
  5088 | D:4      | Reached XP level 8. HP: 42/42 MP: 14/27
  5920 | D:5      | Reached skill level 8 in Spellcasting
  5951 | D:5      | Acquired Sif Muna's second power
  5951 | D:5      | Reached skill level 5 in Dodging
  6393 | D:5      | Noticed a phantom
  6416 | D:5      | Killed a phantom
  6748 | D:5      | Noticed a phantom
  6765 | D:5      | Killed a phantom
  6836 | D:5      | Noticed a sky beast
  6882 | D:5      | Killed a sky beast
  7046 | D:5      | Noticed a necrophage
  7087 | D:5      | Killed a necrophage
  7087 | D:5      | Reached skill level 9 in Spellcasting
  7087 | D:5      | Reached XP level 9. HP: 46/46 MP: 20/29
  7708 | D:7      | Reached skill level 1 in Charms
  7743 | D:7      | Reached skill level 1 in Fighting
  7743 | D:7      | Reached skill level 1 in Evocations
  8019 | D:6      | Reached skill level 1 in Invocations
  8110 | D:6      | Found a sparkling altar of Nemelex Xobeh.
  8459 | D:6      | Found a burning altar of Makhleb.
  8459 | D:6      | Found a shimmering altar of Xom.
  9624 | D:7      | Found a glowing silver altar of Zin.
  9625 | D:7      | Found an opulent altar of Gozag.
  9687 | D:7      | Reached skill level 5 in Fire Magic
  9846 | D:7      | Reached skill level 10 in Spellcasting
 10693 | D:7      | Reached XP level 10. HP: 6/53 MP: 18/31
 10697 | D:7      | HP: 2/53 [killer bee zombie[a shadow imp] (3)]
 10700 | D:7      | Succumbed to a killer bee's poison

Action                   |  1- 3 |  4- 6 |  7- 9 | 10-12 || total
-------------------------+-------+-------+-------+-------++-------
Melee: Club              |     2 |       |       |       ||     2
       Dagger            |       |     9 |   109 |       ||   118
       Trident           |       |       |    73 |       ||    73
 Cast: Magic Dart        |    77 |   117 |   455 |     5 ||   654
       Call Imp          |     7 |       |     3 |       ||    10
       Blink             |     1 |       |     7 |       ||     8
       Conjure Flame     |       |    11 |    30 |     1 ||    42
       Repel Missiles    |       |     1 |     1 |       ||     2
       Mephitic Cloud    |       |     2 |    33 |       ||    35
  Use: Scroll            |     2 |     4 |     2 |       ||     8
       Potion            |       |       |     3 |       ||     3
 Stab: Sleeping          |       |     1 |       |       ||     1
       Confused          |       |       |     4 |       ||     4
  Eat: Chunk             |     3 |     6 |    21 |       ||    30
